 Dungeon Crawl Stone Soup version 0.30-a0-358-g0d69a1922f (webtiles) character file.

Game seed: 9561223471129935173

37 koil the Sneak (level 3, 0/25 HPs)
             Began as a Vampire Enchanter on Nov 10, 2022.
             Slain by a goblin
             ... wielding a +0 club
             ... led by Robin
              (6 damage)
             ... on level 2 of the Dungeon.
             The game lasted 00:02:30 (1055 turns).

koil the Sneak (Vampire Enchanter)                  Turns: 1055, Time: 00:02:30

Health: 0/25       AC:  3    Str:  7    XL:     3   Next: 21%
Magic:  6/6        EV: 12    Int: 25    God:
Gold:   102        SH:  0    Dex: 14    Spells: 4/6 levels left

rFire   . . .      SeeInvis +    h - +0 dagger (venom)
rCold   . . .      Faith    .    (no shield)
rNeg    . . .      Spirit   .    b - +0 robe
rPois   .          Reflect  .    (no helmet)
rElec   .          Harm     .    (no cloak)
rCorr   .          Rampage  .    p - +0 pair of gloves
Will    .....                    (no boots)
Stlth   +++.......               (no amulet)
HPRegen 0.44/turn                n - +6 ring of intelligence
MPRegen 0.10/turn                (no ring)

@: healing quickly
A: alive, fangs 3, see invisible, vampiric 2
a: Exsanguinate


You were on level 2 of the Dungeon.
You visited 1 branch of the dungeon, and saw 2 of its levels.

You collected 102 gold pieces.

Inventory:

Hand Weapons
 a - a +1 dagger
 h - a +0 dagger of venom (weapon)
Armour
 b - a +0 robe (worn)
 p - a +0 pair of gloves (worn)
Jewellery
 n - a +6 ring of intelligence (left hand)
Scrolls
 d - a scroll of enchant weapon {unknown}
 f - 2 scrolls of summoning {unknown}
 g - a scroll of poison {unknown}
 i - 2 scrolls of identify {unknown}
 k - a scroll of brand weapon {unknown}
 l - a scroll of vulnerability {unknown}
 o - a scroll of immolation {unknown}
Potions
 c - 2 potions of invisibility
 e - a potion of lignification {unknown}
 j - a potion of flight {unknown}
 m - a potion of curing {unknown}


   Skills:
 + Level 0.8 Fighting
 + Level 1.5 Short Blades
 + Level 0.7 Armour
 + Level 2.4 Dodging
 + Level 4.7 Stealth
 + Level 2.2 Spellcasting
 + Level 4.7 Hexes


You had 4 spell levels left.
You knew the following spells:

 Your Spells              Type           Power      Damage    Failure   Level
a - Ensorcelled Hibernat  Hex/Ice        28%        N/A       6%          2

Your spell library contained the following spells:

 Spells                   Type           Power      Damage    Failure   Level
 Confusing Touch          Hex            26%        N/A       4%          3
 Tukima's Dance           Hex            26%        N/A       4%          3
 Summon Small Mammal      Summ           8%         N/A       11%         1
 Dazzling Flash           Conj/Hex       28%        N/A       12%         3
 Summon Guardian Golem    Hex/Summ       14%        N/A       12%         3
 Call Canine Familiar     Summ           2%         N/A       32%         3


Dungeon Overview and Level Annotations

Branches:
Dungeon (2/15)

Altars:

Annotations:
D:2 Robin


Innate Abilities, Weirdness & Mutations

Your natural rate of healing is accelerated.
You have razor-sharp teeth.
You have supernaturally acute eyesight. (SInv)
You are afflicted with vampirism and can become a bat while bloodless.


Message History

The hobgoblin is severely wounded.
You kill the hobgoblin!
The goblin hits you with a +0 club.
You hit the hobgoblin.
The hobgoblin is poisoned.
The hobgoblin is almost dead.
You kill the hobgoblin!
The bat hits you but does no damage.
Robin roars a battlecry!
The goblins go into a battle-frenzy!
The goblin closely misses you. The goblin hits you but does no damage.
The bat closely misses you. The bat hits you but does no damage.
You hit the bat.
The bat is poisoned.
You bite the bat, but do no damage.
The bat is severely wounded.
You kill the bat!
You closely miss the goblin. The goblin hits you with a +0 club.
You hit the goblin.
The goblin is poisoned.
The goblin is severely wounded.
You kill the goblin!
Robin throws the goblin at you! The goblin hits you but does no damage.
You swing at nothing.
The goblin closely misses you.
You hit Robin. Your punch misses Robin.
Robin is lightly wounded.
The goblin hits you with a +0 club. Robin misses you.
You barely miss Robin. Your bite misses Robin.
Robin is lightly wounded.
You hit Robin.
Robin is poisoned.
Your bite misses Robin.
Robin is moderately wounded.
The goblin closely misses you.
Robin roars a battlecry!
You hear a shout!
You barely miss Robin. Your bite misses Robin.
Robin is moderately wounded.
The goblin hits you with a +0 club.
Robin hits you with a +1 whip of electrocution.
* * * LOW HITPOINT WARNING * * *
You barely miss Robin.
Robin is moderately wounded.
The goblin hits you with a +0 club.
You die...

###.#####....#
#.....#...#..#
#.###.#.###..#
######.###...#
#.## .
...........##.#
#..# #.
...####..#.##.#
#### #..
###[.#.##.# .?.
#..g......# ..
#>##@#.####
#.##g##g#.#
#...g)gg#.#
#.....#.##.#.#
#...!.#.##..#.
#..#g...##.###
#. ...####.. #
.g.. #.# ####.
..#


You could see Robin (very poisoned), a hobgoblin (strong) and 2 goblins.

Vanquished Creatures
  2 bats
  4 endoplasms
  9 goblins
  5 hobgoblins
  2 jackals (D:1)
  A quokka (D:1)
  2 ball pythons (D:1)
  A frilled lizard (D:1)
  2 kobolds (D:1)
  3 rats (D:1)
31 creatures vanquished.

Notes
Turn   | Place    | Note
-------+----------+-------------------------------------------
     0 | D:1      | koil the Vampire Enchanter began the quest for the Orb.
     0 | D:1      | Reached XP level 1. HP: 13/13 MP: 3/3
   249 | D:1      | Reached XP level 2. HP: 19/19 MP: 5/5
   252 | D:1      | Learned a level 2 spell: Ensorcelled Hibernation
  1024 | D:2      | Noticed Robin
  1031 | D:2      | Gained mutation: You are afflicted with vampirism and can
                  | become a bat while bloodless. [Vampire growth]
  1031 | D:2      | Reached XP level 3. HP: 25/25 MP: 6/6
  1055 | D:2      | Slain by a goblin

Illustrated notes

Levels and vault maps discovered:
D:1:      nzn_arrival_depleted_hourglass, layout_basic
D:2:      kennysheep_the_goblin_king, layout_loops_cross, uniq_robin,
          uniq_jessica

Action                   || total
-------------------------++-------
Melee: Dagger            ||    77
       Punch             ||     2
       Bite              ||     3
 Stab: Sleeping          ||     6
Armor: Robe              ||    16
Dodge: Dodged            ||    43

Table legend: (Time is in decaauts)
 A = Elapsed time spent in this place.
 B = Non-inter-level travel time spent in this place.
 C = Inter-level travel time spent in this place.
 D = Time resting spent in this place.
 E = Time spent auto-exploring this place.
 F = Levels seen in this place.
 G = Mean time per level.
                   A        B        C        D        E       F      G
               +--------+--------+--------+--------+--------+-----+--------+
         Total |   1049 |   1043 |      6 |      0 |    813 |   2 |  524.5 |
       Dungeon |   1049 |   1043 |      6 |      0 |    813 |   2 |  524.5 |
               +--------+--------+--------+--------+--------+-----+--------+

Top non-repeatable levels by time:
     D:1: 845 daAuts
     D:2: 203 daAuts
